 Dungeon Crawl Stone Soup version 0.23.2-40-g277498a001 (webtiles) character file.

Game seed: 3731206301589890586

135 Cykl0x the Shield-Bearer (level 5, -2/42 HPs)
             Began as a Formicid Fighter on Sept 4, 2019.
             Slain by Grinder (4 damage)
             ... on level 4 of the Dungeon.
             The game lasted 00:06:14 (2397 turns).

Cykl0x the Shield-Bearer (Formicid Fighter)         Turns: 2397, Time: 00:06:14

Health: -2/42      AC:  8    Str: 22    XL:     5   Next: 42%
Magic:  5/5        EV: 12    Int:  7    God:
Gold:   119        SH: 10    Dex: 10    Spells: 4/4 levels left

rFire    . . .     SeeInvis +   a - +0 long sword
rCold    . . .     Gourm    .   c - +0 shield
rNeg     . . .     Faith    .   b - +0 scale mail
rPois    +         Spirit   .   (helmet unavailable)
rElec    .         Reflect  .   (no cloak)
rCorr    .         Harm     .   (no gloves)
MR       .....                  g - +0 pair of boots
Stlth    ..........             (no amulet)
HPRegen  0.14/turn              u - ring of poison resistance
MPRegen  0.09/turn              t - +4 ring of evasion

@: no status effects
A: permanent stasis, dig shafts and tunnels, four strong arms, antennae 3
a: Dig, Shaft Self


You were on level 4 of the Dungeon.
You were not hungry.

You visited 1 branch of the dungeon, and saw 4 of its levels.

You collected 119 gold pieces.

Inventory:

Hand Weapons
 a - a +0 long sword (weapon)
Missiles
 p - 4 javelins (quivered)
Armour
 b - a +0 scale mail (worn)
 c - a +0 shield (worn)
 g - a +0 pair of boots (worn)
 s - a +0 plate armour
Jewellery
 i - an uncursed ring of resist corrosion
 k - an uncursed ring of flight
 r - an uncursed ring of wizardry
 t - a +4 ring of evasion (right hand)
 u - a ring of poison resistance (left hand)
Scrolls
 n - 2 scrolls of identify
 q - 2 scrolls of remove curse
 v - a scroll of fear {unknown}
Potions
 d - a potion of might
 e - a potion of mutation
 j - a potion of heal wounds
 l - a potion of flight {unknown}
 m - a potion of brilliance {unknown}
 o - a potion of magic {unknown}
Comestibles
 f - 4 rations
 h - a chunk of flesh


   Skills:
 + Level 4.0 Fighting
 + Level 3.2 Long Blades
 + Level 4.1 Armour
 + Level 0.3 Dodging
 + Level 0.1 Stealth
 + Level 4.6 Shields


You had 4 spell levels left.
You didn't know any spells.
Your spell library was empty.

Dungeon Overview and Level Annotations

Branches:
Dungeon (4/15)
 Temple: D:4-7

Altars:

Annotations:
D:4 Grinder


Innate Abilities, Weirdness & Mutations

You cannot be hasted, slowed, berserked, paralysed or teleported.
You can dig through walls and to a lower floor.
Your four strong arms can wield two-handed weapons with a shield.
You have a pair of large antennae on your head. (SInv)


Message History

You hit Grinder but do no damage.
Grinder is lightly wounded.
Grinder hits you.
You writhe in agony.
You barely miss Grinder.
Grinder is lightly wounded.
You block Grinder's attack.
You barely miss Grinder.
Grinder is lightly wounded.
Grinder gestures at you. Pain shoots through your body!
* * * LOW HITPOINT WARNING * * *
You closely miss Grinder.
Grinder is lightly wounded.
Grinder misses you.
You riposte.
You hit Grinder.
Grinder is lightly wounded.
Grinder says, "Wait up."
Grinder hits you!
* * * LOW HITPOINT WARNING * * *
You writhe in agony.
You die...

#.รท<.#### #.# .#
#.......#####.# .#
#....##.....#.# .#
###########.#<###.#
#.....#.# ##.##...#
#.###..# #.# #..#
#.# #@.# #.. #5...#
##. #...## . .(.##
###..# ((.. ....
....#


You could see Grinder.

Vanquished Creatures
  A hound (D:2)
  4 adders (D:3)
  An ooze (D:3)
  A dart slug (D:2)
  8 giant cockroaches
  7 goblins
  6 hobgoblins
  9 jackals
  2 ball pythons
  7 frilled lizards
  9 kobolds
  7 rats
62 creatures vanquished.

Notes
Turn   | Place    | Note
-------+----------+-------------------------------------------
     0 | D:1      | Cykl0x the Formicid Fighter began the quest for the Orb.
     0 | D:1      | Reached XP level 1. HP: 18/18 MP: 1/1
   217 | D:1      | Reached XP level 2. HP: 22/24 MP: 2/2
   748 | D:2      | Reached XP level 3. HP: 12/29 MP: 3/3
   748 | D:2      | Reached XP level 4. HP: 14/35 MP: 4/4
  1099 | D:2      | Found a faded altar of an unknown god.
  1643 | D:3      | Reached XP level 5. HP: 42/42 MP: 5/5
  2388 | D:4      | Noticed Grinder
  2397 | D:4      | HP: 2/42 [Grinder (7)]
  2397 | D:4      | Slain by Grinder

Skill      XL: |  1  2  3  4  5 |
---------------+----------------+-----
Shields        | 4 |  4.6
Armour         | 4 |  4.1
Fighting       | 4 |  4.0
Long Blades    | 3 |  3.2
Dodging        | |  0.3
Stealth        | |  0.1

Action                   |  1- 3 |  4- 6 || total
-------------------------+-------+-------++-------
Melee: Long sword        |    90 |   132 ||   222
Throw: Javelin           |       |     9 ||     9
 Abil: Dig               |     1 |     1 ||     2
  Use: Scroll            |     5 |     3 ||     8
  Eat: Chunk             |       |     5 ||     5
Armor: Scale mail        |    50 |    63 ||   113
Dodge: Dodged            |    31 |    72 ||   103
Block: Shield            |    55 |    92 ||   147
       Rpst.: Long sword |     9 |    25 ||    34
